 Dungeon Sprint DCSS version 0.22-a0-224-g8cf3520 (webtiles) character file.

104 Ghella the Fetichist (level 8, -1/27 HPs)
             Began as a Spriggan Artificer on Feb 19, 2018.
             Was a Follower of Qazlal.
             Slain by a neqoxec (4 damage)
             ... in the Dungeon (Sprint VI: "Thunderdome").
             The game lasted 00:09:51 (768 turns).

Ghella the Fetichist (Spriggan Artificer)            Turns: 768, Time: 00:09:52

Health: -1/27      AC:  2    Str:  7 (8)  XL:     8   Next: 29%
Magic:  2/20       EV: 27    Int:  3 (15) God:    Qazlal [*.....]
Gold:   21         SH:  2    Dex: 23      Spells: 7/7 levels left

rFire    . . .     SeeInvis +   a - +0 short sword
rCold    + + .     Gourm    .   (shield restricted)
rNeg     + . .     Faith    .   q - +0 robe "Omyiseq" {rElec rN+ Dex-3}
rPois    +         Spirit   .   (helmet restricted)
rElec    +         Reflect  .   (no cloak)
rCorr    .         Harm     .   (gloves unavailable)
MR       +....     NoTele   +   (boots unavailable)
Stlth    ++........             g - amulet of Reodimez {+Rage Dex+4}
HPRegen  0.00/turn              r - ring "Eroce" {rElec rC+ Int+2 Dex+6}
MPRegen  0.17/turn              m - ring "Juull" {rPois rC+}

@: very quick
A: very small, unfitting armour, see invisible, deterioration 1, herbivore,
speed 3, frail 3, low mp 1, screaming 1, inhibited regeneration, slow metabolism
2, weak 1, no potion heal 1, MP-powered wands
a: Renounce Religion, Evoke Berserk Rage


You were in the Dungeon.
You worshipped Qazlal.
Qazlal was aware of your devotion.
You were not hungry.

You visited 1 branch You collected 400 gold pieces.
You spent 379 gold pieces at shops.

Inventory:

Hand Weapons
 a - a +0 short sword (weapon)
Armour
 b - a +0 robe
 q - the +0 robe "Omyiseq" (worn) {rElec rN+ Dex-3}
   (You bought it in a shop in the Dungeon)

   It affects your dexterity (-3).
   It insulates you from electricity.
   It protects you from negative energy.
Jewellery
 c - the ring of Xom's Whimsicality {Int+2 Stlth+}
   (You bought it in a shop in the Dungeon)

   [ring of stealth]

   It affects your intelligence (+2).
   It makes you more stealthy.
 g - the amulet of Reodimez (around neck) {+Rage Dex+4}
   (You bought it in a shop in the Dungeon)

   [amulet of rage]

   It affects your dexterity (+4).
   It lets you go berserk.
 m - the ring "Juull" (right hand) {rPois rC+}
   (You bought it in a shop in the Dungeon)

   [ring of poison resistance]

   It protects you from cold.
   It protects you from poison.
 r - the ring "Eroce" (left hand) {rElec rC+ Int+2 Dex+6}
   (You bought it in a shop in the Dungeon)

   [ring of intelligence]

   It affects your intelligence (+2).
   It affects your dexterity (+6).
   It protects you from cold.
   It insulates you from electricity.
Wands
 d - a wand of enslavement (11)
 e - a wand of random effects (13)
 n - a wand of iceblast (2)
Scrolls
 l - 4 scrolls of blinking
 o - 3 scrolls of fog
Potions
 h - 4 potions of heal wounds
 i - 4 potions of haste
 j - a potion of magic
 k - a potion of berserk rage
 p - a potion of resistance
Comestibles
 f - a ration


   Skills:
 + Level 2.7 Fighting
 + Level 4.5 Short Blades
 + Level 9.3 Dodging
 - Level 1.5 Stealth
 * Level 5.1 Invocations
 * Level 18.8 Evocations


You had 7 spell levels left.
You didn't know any spells.

Dungeon Overview and Level Annotations

Branches:
Dungeon (1/1)

Altars:
Cheibriados
Dithmenos
Fedhas
Gozag
Kikubaaqudgha
Makhleb
Okawaru
Qazlal
Ru
Sif Muna
Trog
Uskayaw
Vehumet
Wu Jian
Xom
Yredelemnul
Zin
The Shining One
Beogh
Jiyva
Lugonu

Shops:
D *[%??*?*:[((!!!!


Innate Abilities, Weirdness & Mutations

You are very small and have problems with some larger weapons.
You are too small for most types of armour.
You have supernaturally acute eyesight. (SInv)
You are a herbivore.
You cover ground extremely quickly.
You need consume almost no food.
Your body sometimes deteriorates upon taking damage.
You are extremely frail. (-30% HP)
Your magical capacity is low. (-10% MP)
You occasionally shout uncontrollably at your foes.
You do not regenerate when monsters are visible.
You are weak. (Str -2)
Potions are less effective at restoring your health.
You expend magic power (3 MP) to strengthen your wands.


Message History

The ufetubus barely misses you. The ufetubus closely misses you.
The white imp gestures at you. The puff of frost misses you.
The ufetubus misses you. You block the ufetubus's attack.
The neqoxec gestures.
You hit the iron imp.
The iron imp is moderately wounded.
The ufetubus hits you. x2; The iron imp misses you.
The ufetubus hits you but does no damage.
The ufetubus hits you.
* * * LOW HITPOINT WARNING * * *
You hit the iron imp.
The iron imp is heavily wounded.
The ufetubus disappears in a puff of smoke!
The ufetubus closely misses you. The ufetubus misses you.
The ufetubus hits you.
* * * LOW HITPOINT WARNING * * *
The ufetubus completely misses you. The shadow imp misses you.
The neqoxec hits you.
You die...

#_......._#
#_......._#
#_....)...#
#.(.......###
...........⌠#
8.3.......8.######
....###......___∩##
..8.# #.8......5.∩###
....###.......35@5..##
.###(..###..5..53§..⌠#
5# #.<.# #.....55...⌠#
.###3..###...5......⌠#
..).###......3......##
§.8.# #.8........∩###
....###.......__∩##
8..(.5....8.######
...(.3.....§#


You could see 3 neqoxecs, an iron imp, a quasit, a crimson imp, a white imp, a
shadow imp and 3 ufetubi.

Vanquished Creatures
  A queen ant (D)
  Sigmund (D)
  2 neqoxecs (D)
  A soldier ant (D)
  5 worker ants (D)
  An orc (D)
  2 bat skeletons (D)
  A bat zombie (D)
  A hobgoblin (D)
15 creatures vanquished.

Vanquished Creatures (others)
  A centaur (D)
  A worker ant (D)
2 creatures vanquished.

Grand Total: 17 creatures vanquished

Notes
Turn   | Place    | Note
-------+----------+-------------------------------------------
     0 | D        | Ghella the Spriggan Artificer began the quest for the Orb.
     0 | D        | Reached XP level 1. HP: 9/9 MP: 4/4
     3 | D        | Found a deep blue altar of Sif Muna.
     3 | D        | Found a viscous altar of Jiyva.
     4 | D        | Found an iron altar of Okawaru.
     4 | D        | Found a shadowy altar of Dithmenos.
     5 | D        | Found a stormy altar of Qazlal.
     5 | D        | Found a blossoming altar of Fedhas.
     5 | D        | Found Geufeubu's Weapon Rack.
     5 | D        | Found Vubeylob's Premium Goods.
     6 | D        | Found Zodeceri's Basic Armour.
     6 | D        | Found Tasoem's Miscellaneous Merchandise.
     9 | D        | Round 1.
    10 | D        | Found a snail-covered altar of Cheibriados.
    14 | D        | Became a worshipper of Qazlal Stormbringer
    17 | D        | Found a radiant altar of Vehumet.
    17 | D        | Found a roughly hewn altar of Beogh.
    17 | D        | Found Jilusch's Identification Station.
    17 | D        | Found Ydanyevi's Advanced Armour.
    18 | D        | Found Buocoecu's Jewellery.
    19 | D        | Found an opulent altar of Gozag.
    19 | D        | Found a glowing silver altar of Zin.
    19 | D        | Found an ancient bone altar of Kikubaaqudgha.
    19 | D        | Found Ynlenin's Delicious Food.
    23 | D        | Found a sacrificial altar of Ru.
    24 | D        | Found a hide-covered altar of Uskayaw.
    25 | D        | Found a shimmering altar of Xom.
    26 | D        | Found Lann's Magic Scroll Shop.
    27 | D        | Found Qiodod's Magic Scroll Shop.
    27 | D        | Found Faonkeet's Must-Have Magic.
    27 | D        | Noticed a worker ant
    28 | D        | Found a basalt altar of Yredelemnul.
    28 | D        | Found a bloodstained altar of Trog.
    28 | D        | Found Xeusch's Staff Store.
    29 | D        | Noticed Sigmund
    35 | D        | Killed a worker ant
    35 | D        | Reached skill level 1 in Fighting
    35 | D        | Reached skill level 7 in Evocations
    35 | D        | Reached XP level 2. HP: 7/14 MP: 4/7
    45 | D        | Killed Sigmund
    45 | D        | Reached skill level 12 in Evocations
    45 | D        | Reached XP level 3. HP: 18/18 MP: 4/11
    45 | D        | Reached XP level 4. HP: 22/22 MP: 4/13
    45 | D        | Reached XP level 5. HP: 25/25 MP: 4/14
    57 | D        | Found a burning altar of Makhleb.
    58 | D        | Found an ornate altar of the Wu Jian Council.
    59 | D        | Found a corrupted altar of Lugonu.
    60 | D        | Found Lagikkusm's Distillery.
    61 | D        | Found Vaithuhua's Distillery.
    61 | D        | Found Natupp's Bottled Wisdom.
    61 | D        | Found a glowing golden altar of the Shining One.
    61 | D        | Found Mot Far's Do-It-Yourself Clinic.
    96 | D        | Reached * piety under Qazlal
    96 | D        | Reached skill level 13 in Evocations
   139 | D        | Bought a fabulously ornate robe for 199 gold pieces
   149 | D        | Identified the +0 robe "Omyiseq" {rElec rN+ Dex-3} (You bought it in a shop in the Dungeon)
   195 | D        | Reached ** piety under Qazlal
   195 | D        | Arena points: 14 (+14) [x2]
   263 | D        | Round 2.
   280 | D        | Noticed a queen ant
   349 | D        | Reached skill level 1 in Invocations
   384 | D        | Reached skill level 14 in Evocations
   384 | D        | Reached XP level 6. HP: 23/30 MP: 15/17
   398 | D        | Killed a queen ant
   398 | D        | Reached skill level 17 in Evocations
   398 | D        | Reached XP level 7. HP: 13/35 MP: 14/20
   433 | D        | Arena points: 56 (+42) [x3]
   433 | D        | Reached skill level 18 in Evocations
   433 | D        | Reached XP level 8. HP: 20/39 MP: 19/22
   490 | D        | Bought a clouded tin ring for 45 gold pieces
   490 | D        | Identified the ring of Xom's Whimsicality {Int+2 Stlth+} (You bought it in a shop in the Dungeon)
   517 | D        | Round 3.
   531 | D        | Noticed a two-headed ogre
   533 | D        | Reached *** piety under Qazlal
   602 | D        | Arena points: 104 (+48) [x4]
   620 | D        | Bought a brightly glowing bone amulet for 45 gold pieces
   620 | D        | Bought a scorched lead ring for 45 gold pieces
   620 | D        | Bought a faintly glowing pewter ring for 45 gold pieces
   620 | D        | Identified the amulet of Reodimez {+Rage Dex+4} (You bought it in a shop in the Dungeon)
   621 | D        | Identified the ring "Juull" {rPois rC+} (You bought it in a shop in the Dungeon)
   623 | D        | Identified the ring "Eroce" {rElec rC+ Int+2 Dex+6} (You bought it in a shop in the Dungeon)
   627 | D        | Round 4.
   664 | D        | Gained mutation: Your magical capacity is low. (-10% MP) [a neqoxec]
   665 | D        | Gained mutation: You do not regenerate when monsters are visible. [a neqoxec]
   674 | D        | Gained mutation: You occasionally shout uncontrollably at your foes. [a neqoxec]
   676 | D        | Gained mutation: Your body sometimes deteriorates upon taking damage. [a neqoxec]
   683 | D        | Gained mutation: You expend magic power (3 MP) to strengthen your wands. [a neqoxec]
   700 | D        | Gained mutation: You are frail. (-10% HP) [a neqoxec]
   718 | D        | Gained mutation: You are very frail. (-20% HP) [a neqoxec]
   722 | D        | Gained mutation: You tend to lose your temper in combat. [a neqoxec]
   742 | D        | Gained mutation: You are extremely frail. (-30% HP) [a neqoxec]
   744 | D        | Lost mutation: You tend to lose your temper in combat. [a neqoxec]
   748 | D        | Gained mutation: Potions are less effective at restoring your health. [a neqoxec]
   752 | D        | Gained mutation: You are weak. (Str -2) [a neqoxec]
   755 | D        | Reached skill level 5 in Invocations
   768 | D        | Slain by a neqoxec

Vault maps used:
D:        arena_sprint

Skill      XL: |  1  2  3  4  5  6  7  8 |
---------------+-------------------------+-----
Fighting       | 1 2 |  2.7
Dodging        | 4 7 9 |  9.3
Evocations     | 7 12 14 17 18 | 18.8
Short Blades   | 2 4 |  4.5
Invocations    | 1 4 5 |  5.1
Stealth        | |  1.5

Action                   |  1- 3 |  4- 6 |  7- 9 || total
-------------------------+-------+-------+-------++-------
Melee: Short sword       |       |    23 |    16 ||    39
Invok: Upheaval          |       |     3 |    10 ||    13
       Elemental Force   |       |       |     1 ||     1
Evoke: Wand              |     4 |    14 |    11 ||    29
  Use: Potion            |     1 |       |     2 ||     3
Armor: Robe              |       |     3 |     3 ||     6
Dodge: Dodged            |     1 |    22 |    43 ||    66
Block: Other             |       |     2 |     2 ||     4

Table legend:
 A = Spawn XP
 B = Non-spawn XP
 C = Spawn XP percentage of total XP
 D = Spawn monster count
 E = Non-spawn monster count
 F = Spawn count percentage of total count
 G = Total turns spent on level
                    A         B        C        D         E        F      G
               +---------+---------+-------+---------+---------+-------+---------
         Total |       0 |    1832 |   0.0 |       0 |      16 |   0.0 |   768
               +---------+---------+-------+---------+---------+-------+---------
             D |       0 |    1832 |   0.0 |       0 |      16 |   0.0 |   768
               +---------+---------+-------+---------+---------+-------+---------
